 Dungeon Crawl Stone Soup version bcrawl-1.18.1 (webtiles) character file.

Game seed: 6422511075518948246

688 Revguard the Cutter (level 7, -4/50 HPs)
             Began as a Demonspawn Archaeologist on Nov 8, 2019.
             Slain by an ogre
             ... wielding a +0 giant spiked club
              (20 damage)
             ... on level 4 of the Dungeon.
             The game lasted 00:14:37 (4150 turns).

Revguard the Cutter (Demonspawn Archaeologist)      Turns: 4150, Time: 00:14:38

Health: -4/50      AC:  6    Str: 16    XL:     7   Next: 36%
Magic:  0/7        EV: 13    Int: 16    God:
Gold:   426        SH:  0    Dex: 13    Spells: 6/6 levels left

rFire    . . .     SeeInvis .   f - +8 arc blade {discharge, rElec}
rCold    + . .     Gourm    .   (no shield)
rNeg     . . .     Faith    .   n - +0 leather armour
rPois    .         Spirit   +   c - +1 hat
rElec    +         Reflect  .   (no cloak)
rCorr    .         Harm     .   (no gloves)
MR       .....                  d - +1 pair of boots
Stlth    ++........             (no amulet)
HPRegen  0.16/turn              s - ring of insulation
MPRegen  0.10/turn              (no ring)

@: mighty
A: claws 1, talons 2, cold resistance 1, magic shield, freezing cloud immunity
a: no special abilities


You were on level 4 of the Dungeon.
You were not hungry.

You visited 1 branch of the dungeon, and saw 4 of its levels.

You collected 426 gold pieces.

Inventory:

Hand Weapons
 a - a +0 whip
 f - the +8 arc blade (weapon) {discharge, rElec}

   It insulates you from electricity.
 h - a +0 mace
 m - a +0 short sword
 o - a +3 dagger of venom
 u - a +0 arbalest
Armour
 b - a +1 robe
 c - a +1 hat (worn)
 d - a +1 pair of boots (worn)
 l - a +0 ring mail
 n - a +0 leather armour (worn)
Jewellery
 s - a ring of insulation (left claw)
Scrolls
 j - a scroll of enchant weapon
 k - 3 scrolls of amnesia
 q - 4 scrolls of remove curse {unknown}
 r - a scroll of enchant armour {unknown}
Potions
 i - a potion of magic {unknown}
 t - a potion of curing
Comestibles
 g - 12 rations {!d}


   Skills:
 + Level 2.3 Fighting
 + Level 6.7 Short Blades
 - Level 1.5 Maces & Flails
 + Level 2.2 Armour
 * Level 3.7 Dodging
 + Level 4.3 Stealth


You had 6 spell levels left.
You didn't know any spells.
Your spell library contained the following spells:

 Spells                   Type           Power        Failure   Level  Hunger
 Icicle Burst             Conj/Ice       #.........   100%        7    #######
 Chain Lightning          Conj/Air       #.........   100%        8    #######
 Glaciate                 Conj/Ice/Air   #.........   100%        8    #######
 Lehudib's Crystal Spear  Conj/Erth      #.........   100%        8    #######
 Fire Storm               Conj/Fire      #.........   100%        9    #######


Dungeon Overview and Level Annotations

Branches:
Dungeon (4/12)
 Temple: D:4-7

Altars:


Innate Abilities, Weirdness & Mutations

You have sharp fingernails.
You have razor-sharp toenails.
Your flesh is cold resistant. (rC+)
When hurt, damage is shared between your health and your magic reserves.
You are immune to freezing clouds.


Message History

An adder comes into view.
Found a stone staircase leading down.
An ogre comes into view. It is wielding a +0 giant spiked club.
The ogre shouts!
The adder hisses angrily.
The ogre hits you with a +0 giant spiked club!!
Ouch! That really hurt!
There is a stone staircase leading down, spattered with blood here.
You puncture the ogre!
The ogre is moderately wounded.
The ogre hits you with a +0 giant spiked club!
* * * LOW HITPOINT WARNING * * *
The adder bites you but does no damage.
Okay, then.
You miss the adder. The adder closely misses you.
Okay, then.
It was a potion of might.
You feel very mighty all of a sudden.
The ogre hits you with a +0 giant spiked club!!
You die...

##..........#....####......###
##...........#...############
###...........#...####.....##
..............#...##........#
.............#...##....>....#
.............#..###..####....#
............#...##...# ...#
............#...##..## ...#
................@OS.# ..#
...................## .#
........##....#...## .
.#########...######
..########..## . .........##
........## #########


You could see an ogre and an adder.

Vanquished Creatures
  Sigmund (D:3)
  A sky beast (D:4)
  A scorpion (D:4)
  2 crimson imps (D:4)
  A jelly (D:4)
  An orc wizard (D:4)
  A bullfrog skeleton (D:2)
  A worker ant (D:3)
  6 adders
  3 gnolls (D:3)
  5 worms
  5 dart slugs
  3 leopard geckos
  9 orcs
  A ball python (D:2)
  10 giant cockroaches
  6 goblins
  5 hobgoblins
  16 jackals
  2 quokkas
  10 bats
  5 frilled lizards
  11 kobolds
  A quokka skeleton (D:4)
  12 rats
119 creatures vanquished.

Notes
Turn   | Place    | Note
-------+----------+-------------------------------------------
     0 | D:1      | Revguard the Demonspawn Archaeologist began the quest for
                  | the Orb.
     0 | D:1      | Reached XP level 1. HP: 15/15 MP: 1/1
   163 | D:1      | Reached skill level 1 in Maces & Flails
   163 | D:1      | Gained mutation: Your flesh is cold resistant. (rC+)
                  | [demonic ancestry]
   163 | D:1      | Reached XP level 2. HP: 19/21 MP: 2/2
   321 | D:1      | Reached skill level 1 in Armour
   634 | D:1      | Gained mutation: You have sharp fingernails. [demonic
                  | ancestry]
   634 | D:1      | Reached XP level 3. HP: 25/26 MP: 3/3
  1294 | D:1      | Reached skill level 1 in Short Blades
  1582 | D:2      | Reached skill level 2 in Short Blades
  1582 | D:2      | Gained mutation: You are immune to freezing clouds.
                  | [demonic ancestry]
  1582 | D:2      | Reached XP level 4. HP: 22/32 MP: 4/4
  1922 | D:2      | Reached skill level 3 in Short Blades
  2366 | D:3      | Gained mutation: You have sharp toenails. [demonic
                  | ancestry]
  2366 | D:3      | Reached XP level 5. HP: 29/37 MP: 5/5
  2586 | D:3      | Noticed Sigmund
  2608 | D:3      | Killed Sigmund
  2608 | D:3      | Reached skill level 5 in Short Blades
  2608 | D:3      | Gained mutation: When hurt, damage is shared between your
                  | health and your magic reserves. [demonic ancestry]
  2608 | D:3      | Reached XP level 6. HP: 43/43 MP: 6/6
  3380 | D:4      | Reached skill level 6 in Short Blades
  3604 | D:4      | Gained mutation: You have razor-sharp toenails. [demonic
                  | ancestry]
  3604 | D:4      | Reached XP level 7. HP: 48/49 MP: 7/7
  4150 | D:4      | Slain by an ogre

Skill      XL: |  1  2  3  4  5  6  7 |
---------------+----------------------+-----
Maces & Flails | 1 |  1.5
Dodging        | 3 |  3.7
Armour         | 1 2 |  2.2
Short Blades   | 2 3 5 6 |  6.7
Stealth        | 4 |  4.3
Fighting       | 2 |  2.3

Action                   |  1- 3 |  4- 6 |  7- 9 || total
-------------------------+-------+-------+-------++-------
Melee: Mace              |    84 |       |       ||    84
       Short sword       |    40 |       |       ||    40
       Dagger            |    31 |   219 |       ||   250
       Rapier            |       |    18 |    22 ||    40
  Use: Scroll            |       |     7 |       ||     7
       Potion            |       |     5 |     1 ||     6
 Stab: Sleeping          |     4 |     2 |     4 ||    10
  Eat: Chunk             |     2 |     7 |     2 ||    11
Armor: Robe              |    43 |       |       ||    43
       Ring mail         |    44 |    37 |       ||    81
       Leather armour    |       |    59 |     5 ||    64
Dodge: Dodged            |   167 |   144 |    15 ||   326
